 Dungeon Crawl Stone Soup version 0.20.1-1-g8b1a95d (webtiles) character file.

130 Linguinho the Ruffian (level 4, -4/44 HPs)
             Began as a Troll Monk on Nov 13, 2017.
             Slain by Grinder (9 damage)
             ... on level 3 of the Dungeon.
             The game lasted 00:02:25 (1973 turns).

Linguinho the Ruffian (Troll Monk)                  Turns: 1973, Time: 00:02:26

Health: -4/44      AC:  5    Str: 20    XL:     4   Next: 89%
Magic:  3/3        EV: 11    Int:  6    God:
Gold:   102        SH:  0    Dex: 12    Spells: 3/3 levels left

rFire    . . .     SeeInvis .     - Unarmed
rCold    . . .     Gourm    +   (no shield)
rNeg     . . .     Faith    .   a - +0 robe
rPois    .         Spirit   .   (helmet restricted)
rElec    .         Reflect  .   (no cloak)
rCorr    .         Harm     .   (gloves unavailable)
MR       .....                  (boots unavailable)
Stlth    ++........             (no amulet)
Regen    0.6/turn               (no ring)
MPRegen  0.1/turn               (no ring)

@: no status effects
A: unfitting armour, claws 3, fast metabolism 3, gourmand, regeneration 1,
shaggy fur 1, tough skin 2
a: no special abilities


You were on level 3 of the Dungeon.
You were very full.

You visited 1 branch of the dungeon, and saw 3 of its levels.

You collected 102 gold pieces.

Inventory:

Armour
 a - a +0 robe (worn)
Wands
 k - a wand of clouds (4/9)
Scrolls
 d - 3 scrolls of teleportation {unknown}
 e - 2 scrolls of identify {unknown}
 f - 2 scrolls of remove curse {unknown}
 i - a scroll of fog {unknown}
 j - a scroll of random uselessness {unknown}
 l - a scroll of blinking {unknown}
Potions
 g - 2 potions of curing {unknown}
 n - a potion of haste {unknown}
 o - a potion of mutation {unknown}
Books
 h - a book of Minor Magic

   Spells                             Type                      Level
   a - Magic Dart                     Conjuration                  1
   b - Blink                          Translocation                2
   c - Call Imp                       Summoning                    2
   d - Slow                           Hexes                        2
   e - Conjure Flame                  Conjuration/Fire             3
   f - Mephitic Cloud                 Conjuration/Poison/Air       3
Comestibles
 b - 5 bread rations
 c - a meat ration


   Skills:
 + Level 2.9 Fighting
 + Level 3.0 Dodging
 + Level 1.3 Stealth
 + Level 4.4 Unarmed Combat


You had 3 spell levels left.
You didn't know any spells.

Dungeon Overview and Level Annotations

Branches:
Dungeon (3/15)

Altars:
Qazlal

Annotations:
D:3 Grinder


Innate Abilities, Weirdness & Mutations

You are too large for most types of armour.
You have claws for hands.
Your metabolism is lightning-fast.
You like to eat raw meat.
Your natural rate of healing is unusually fast.
You are covered in fur. (AC +1)
You have very tough skin. (AC +2)


Message History

Pain shoots through your body!
You scratch Grinder but do no damage.
Grinder blinks!
Grinder gestures at you. You resist with significant effort.
Grinder gestures at you. Pain shoots through your body!
Grinder barely misses you.
You scratch Grinder.
Grinder is lightly wounded.
Grinder gestures at you. Pain shoots through your body!
You closely miss Grinder.
Grinder is lightly wounded.
Grinder says, "You look like you could use a good racking."
Grinder hits you!
* * * LOW HITPOINT WARNING * * *
You closely miss Grinder.
Grinder is lightly wounded.
Grinder hits you!
You die...

..# .$# ... #.# #### #
#.# #.. ## ### #.# #5#
.## ##.###.# #@# #
..####...##.####.###...#
).'.....................
..####.......###.#.#...#
.## ##.###.## #.#.# ##
## #.# ### #.. . # #.#
###... #.# .##. ## #.# #
.#


You could see Grinder.

Vanquished Creatures
  4 gnolls
  3 adders
  2 oozes
  A worm (D:2)
  2 dart slugs
  2 leopard geckos (D:2)
  An orc (D:3)
  3 giant cockroaches (D:2)
  3 goblins
  3 hobgoblins
  11 jackals
  2 ball pythons (D:2)
  2 bats
  5 kobolds
  3 rats
47 creatures vanquished.

Notes
Turn   | Place    | Note
-------+----------+-------------------------------------------
     0 | D:1      | Linguinho the Troll Monk began the quest for the Orb.
     0 | D:1      | Reached XP level 1. HP: 22/22 MP: 0/0
   212 | D:1      | Reached XP level 2. HP: 26/29 MP: 1/1
   540 | D:1      | Reached XP level 3. HP: 36/36 MP: 2/2
   875 | D:2      | Reached skill level 4 in Unarmed Combat
  1125 | D:2      | Reached XP level 4. HP: 34/44 MP: 3/3
  1890 | D:3      | Found a stormy altar of Qazlal.
  1955 | D:3      | Noticed Grinder
  1960 | D:3      | Paralysed by Grinder for 4 turns
  1973 | D:3      | Slain by Grinder

Skill      XL: |  1  2  3  4 |
---------------+-------------+-----
Unarmed Combat | 4 |  4.4
Dodging        | 3 |  3.0
Fighting       | |  2.9
Stealth        | |  1.3

Action                   |  1- 3 |  4- 6 || total
-------------------------+-------+-------++-------
Melee: Unarmed           |    70 |    60 ||   130
       Punch             |     5 |     2 ||     7
 Stab: Sleeping          |     1 |     2 ||     3
  Eat: Chunk             |    11 |    12 ||    23
Armor: Robe              |    19 |    26 ||    45
Dodge: Dodged            |    34 |    42 ||    76
